AoeStats
← ErisFeet

Arabia

508770681Analyzed
1v1 RM · 9d ago on Sep 24, 2026· 41m 42s· 2 players
Game mode
Random Map
Map size
Tiny (2 player)
Population
200
Speed
Normal
Resources
Standard
Victory
Conquest
Starting age
Dark Age
Ending age
Imperial Age
RankedLock teamsTeams togetherTeam positionsShared explorationLock speedFull tech treeHidden civsTurbo modeCheats
Victory
Defeat
🇳🇱 Vietnamese · Netherlands
1195
+17
🇨🇦 Magyars · Canada
1210
-17
ackknulst
7:07 Loom
9:41 Feudal Age
10:18 Double-Bit Axe
19:36 Castle Age
17:45 Horse Collar
18:29 Fletching
18:43 Gold Mining
19:02 Padded Archer Armor
19:41 Crossbowman
23:02 Bodkin Arrow
23:32 Elite Skirmisher
25:24 Bow Saw
26:46 Ballistics
37:52 Imperial Age
36:09 Masonry
36:20 Leather Archer Armor
36:49 Thumb Ring
37:59 Wheelbarrow
37:10 Town Watch
37:40 Stone Mining
38:02 Heavy Plow
39:44 Chemistry
39:14 Bracer
38:50 Imperial Skirmisher
40:53 Two-Man Saw
41:28 Ring Archer Armor
40:58 Scale Mail Armor
41:56 Crop Rotation
41:39 Squires
41:00 Pikeman
42:18 Forging
ErisFeet
6:49 Loom
9:09 Feudal Age
9:50 Double-Bit Axe
18:33 Wheelbarrow
21:41 Castle Age
20:21 Fletching
21:13 Padded Archer Armor
21:22 Gold Mining
22:19 Bodkin Arrow
28:36 Gold Shaft Mining
27:58 Town Watch
28:59 Bloodlines
29:30 Bow Saw
31:26 Leather Archer Armor
31:16 Husbandry
33:29 Stone Mining
39:01 Imperial Age
37:42 Hand Cart
37:26 Light Cavalry
38:13 Scale Barding Armor
39:50 Ballistics
40:36 Bracer
40:32 Hussar
42:16 Chain Barding Armor
Connection lost

Rejoining the realm…

Still unreachable

The connection could not be restored.

Session expired

The server has moved on; the page needs a fresh start.